 Dungeon Crawl Stone Soup version 0.23.1 (webtiles) character file.

Game seed: 6785191014905420210

95 Borgoz the Sneak (level 4, 0/33 HPs)
             Began as a Ghoul Enchanter on Mar 13, 2019.
             Slain by a goblin (3 damage)
             ... led by Robin
             ... on level 2 of the Dungeon.
             The game lasted 00:04:45 (1795 turns).

Borgoz the Sneak (Ghoul Enchanter)                  Turns: 1795, Time: 00:04:46

Health: 0/33       AC:  4    Str: 11    XL:     4   Next: 65%
Magic:  5/5        EV: 12    Int: 10    God:
Gold:   119        SH:  0    Dex: 10    Spells: 3/6 levels left

rFire    . . .     SeeInvis .   a - +1 dagger
rCold    + . .     Gourm    .   (no shield)
rNeg     + + +     Faith    .   b - +0 robe
rPois    ∞         Spirit   .   (no helmet)
rElec    .         Reflect  .   (no cloak)
rCorr    .         Harm     .   m - +1 pair of gloves
MR       .....                  (no boots)
Stlth    ++........             (no amulet)
HPRegen  0.00/turn              (no ring)
MPRegen  0.09/turn              (no ring)

@: rotting
A: rotting body, claws 1, carnivore, cold resistance 1, negative energy
resistance 3, inhibited regeneration, torment resistance, unbreathing
a: no special abilities


You were on level 2 of the Dungeon.
You were not hungry.

You visited 1 branch of the dungeon, and saw 3 of its levels.

You collected 119 gold pieces.

Inventory:

Hand Weapons
 a - a +1 dagger (weapon)
Armour
 b - a +0 robe (worn)
 k - a +0 ring mail
 l - a +0 scale mail
 m - a +1 pair of gloves (worn)
Scrolls
 e - a scroll of enchant armour
 f - a scroll of magic mapping
 g - a scroll of teleportation {unknown}
 h - a scroll of identify {unknown}
 j - a scroll of remove curse {unknown}
Comestibles
 d - 3 rations
 i - 2 chunks of flesh


   Skills:
 * Level 2.2 Short Blades
 * Level 1.6 Armour
 + Level 2.6 Dodging
 + Level 3.8 Stealth
 - Level 1.7 Spellcasting
 - Level 2.4 Hexes


You had 3 spell levels left.
You knew the following spells:

 Your Spells              Type           Power        Failure   Level  Hunger
a - Corona                Hex            #......      12%         1    ##.....
b - Ensorcelled Hibernat  Hex/Ice        #.....       30%         2    ###....

Your spell library contained the following spells:

 Spells                   Type           Power        Failure   Level  Hunger
 Confuse                  Hex            #.......     34%         3    ####...
 Tukima's Dance           Hex            #.......     34%         3    ####...
 Dazzling Spray           Conj/Hex       #.....       52%         3    ####...


Dungeon Overview and Level Annotations

Branches:
Dungeon (3/15)

Altars:

Annotations:
D:2 Robin, Sigmund


Innate Abilities, Weirdness & Mutations

Your body is rotting away.
You thrive on raw meat.
You are immune to poison.
You have sharp fingernails.
You are carnivorous and can eat meat at any time.
Your flesh is cold resistant. (rC+)
You are immune to negative energy. (rN+++)
You do not regenerate when monsters are visible.
You are immune to unholy pain and torment.
You can survive without breathing.


Message History

It is a scroll of enchant armour.
Your +0 pair of gloves glows green for a moment.
Robin roars a battlecry!
The goblins go into a battle-frenzy!
The goblin misses you. The goblin hits you but does no damage.
The goblin hits you with a cursed -3 club.
* * * LOW HITPOINT WARNING * * *
Eat one of 3 chunks of flesh? (ye/n/q)
Okay, then.
Eat one of 3 chunks of flesh? (ye/n/q)
You eat one of the 3 chunks of flesh.
This raw flesh tastes great!
The goblin hits you.
* * * LOW HITPOINT WARNING * * *
The goblin closely misses you.
You aren't carrying any potions.
As you read the scroll labeled AMNAHU TEESO, it crumbles to dust.
You feel aware of your surroundings.
You sensed 2 altars.
It was a scroll of magic mapping.
The goblin hits you but does no damage. Robin barely misses you.
The goblin hits you.
You die...

,,,,,,.g.....#.##..#####
*,,,,,##..####..##.###
**,,,,...,***##)##.>.#########
,,,**,..<,,,,*#.####.÷.>.....#
**,***#*,,,,,*#.# ##.g.g....#
,,,* *,,,,,*#.# #.gg.....#
,*** *,,,,,*#÷# *#.......[#
,*** *******#g###*.g.......#
,,,* #g@g##.######### ,*,***
###gg#.# ,*,,,****** ##.g.#
,***,,,,,,*** #...##
,********,,,* ##..##
**,,,,,****,***#...# ,,,*,*,*
*,,#...#.# ,,,,_,,* *#...###.#
,,,*,*** #..#* #.#*****


You could see Robin, a hobgoblin and 4 goblins.

Vanquished Creatures
  Terence (D:2)
  2 adders (D:3)
  2 oozes (D:1)
  A dart slug (D:2)
  3 leopard geckos
  2 giant cockroaches (D:1)
  4 hobgoblins (D:1)
  A quokka (D:3)
  6 bats
  7 goblins
  4 kobolds
  4 rats
37 creatures vanquished.

Notes
Turn   | Place    | Note
-------+----------+-------------------------------------------
     0 | D:1      | Borgoz the Ghoul Enchanter began the quest for the Orb.
     0 | D:1      | Reached XP level 1. HP: 14/14 MP: 2/2
   220 | D:1      | Reached skill level 1 in Short Blades
   307 | D:1      | Reached XP level 2. HP: 11/20 MP: 3/3
   315 | D:1      | Learned a level 2 spell: Ensorcelled Hibernation
   984 | D:1      | Reached XP level 3. HP: 26/26 MP: 4/4
  1235 | D:2      | Noticed Sigmund
  1385 | D:3      | Reached skill level 1 in Armour
  1485 | D:3      | Reached XP level 4. HP: 27/32 MP: 5/5
  1509 | D:2      | Noticed Terence
  1518 | D:2      | Noticed Robin
  1551 | D:2      | Killed Terence
  1795 | D:2      | Slain by a goblin

Skill      XL: |  1  2  3  4 |
---------------+-------------+-----
Short Blades   | 1 2 |  2.2
Dodging        | 2 |  2.6
Armour         | 1 |  1.6
Stealth        | |  3.8
Spellcasting   | |  1.7
Hexes          | |  2.4

Action                   |  1- 3 |  4- 6 || total
-------------------------+-------+-------++-------
Melee: Dagger            |   171 |    58 ||   229
 Cast: Ensorcelled Hiber |       |     1 ||     1
  Use: Potion            |     2 |     2 ||     4
       Scroll            |       |     2 ||     2
 Stab: Sleeping          |     3 |     2 ||     5
  Eat: Chunk             |    13 |     8 ||    21
Armor: Robe              |    33 |    15 ||    48
Dodge: Dodged            |   117 |    37 ||   154
